 Dungeon Crawl Stone Soup version 0.30.1-4-g462c640d31 (webtiles) character file.

Game seed: 9344342703381374682

8397 Zeor the Carver (level 11, -3/76 (83) HPs)
             Began as a Demonspawn Gladiator on Aug 25, 2023.
             Was a Follower of Makhleb.
             Killed from afar by a jorogumo (20 damage)
             ... with a bolt of negative energy
             ... while paralysed by a jorogumo
             ... on level 11 of the Dungeon.
             The game lasted 00:37:09 (9997 turns).

Zeor the Carver (Demonspawn Gladiator)              Turns: 9997, Time: 00:37:10

HP:   -3/76 (83)    AC: 18    Str: 15    XL:     11   Next: 9%
MP:   0/25          EV:  2    Int: 10    God:    Makhleb [*.....]
Gold: 599           SH:  0    Dex: 18    Spells: 10/10 levels left

rFire   . . .        a - +1 long sword (heavy)
rCold   . . .        (no shield)
rNeg    . . .        p - +0 scale mail of Lilacs {+Inv Slay+3}
rPois   .            k - +1 helmet {SInv}
rElec   .            (no cloak)
rCorr   .            n - +0 pair of gloves
SInv    +            (no boots)
Will    .....        H - amulet of the acrobat
Stlth   +            j - ring of magical power
HPRegen 0.32/turn    J - +4 ring of protection
MPRegen 0.38/turn

%: acrobat, guardian spirit
@: paralysed, mighty, lethally poisoned (-3 -> -11), slowed, drained
A: magic shield, magic regeneration, sharp scales 3, condensation shield
a: Renounce Religion, Evoke Invisibility


You were on level 11 of the Dungeon.
You worshipped Makhleb.
Makhleb was aware of your devotion.
You visited 2 branches of the dungeon, and saw 12 of its levels.
You also visited: Sewer.

You collected 767 gold pieces.
You spent 168 gold pieces at shops.

Inventory:

Hand Weapons
 a - a +1 heavy long sword (weapon)
 z - a +1 falchion of flaming
Missiles
 e - a javelin
 x - 2 atropa-tipped darts (quivered)
 C - a curare-tipped dart
Armour
 k - a +1 helmet of see invisible (worn)
 n - a +0 pair of gloves (worn)
 o - a +0 scale mail of poison resistance
 p - the +0 scale mail of Lilacs (worn) {+Inv Slay+3}
   (You found it on level 3 of the Dungeon)

   Slay:      It affects your accuracy & damage with ranged weapons and melee
   (+3).
   +Inv:      It lets you turn invisible.
 G - a +0 kite shield
Magical Staves
 h - a staff of death
Jewellery
 j - a ring of magical power (left hand)
 y - a ring of magical power
 E - a ring of willpower
 H - an amulet of the acrobat (around neck)
 J - a +4 ring of protection (right hand)
Wands
 c - a wand of polymorph (3)
 F - a wand of roots (15)
Scrolls
 d - 4 scrolls of poison
 g - a scroll of magic mapping
 r - 2 scrolls of teleportation
 u - a scroll of identify
Potions
 b - 2 potions of resistance
 f - 5 potions of attraction
 i - 2 potions of curing
 l - 2 potions of flight
 m - a potion of magic
 q - a potion of lignification
 s - 3 potions of cancellation
 t - 2 potions of mutation
 v - 3 potions of invisibility
 A - a potion of heal wounds
 B - 2 potions of brilliance
 D - 2 potions of haste
 I - a potion of might


   Skills:
 + Level 6.4 Fighting
 + Level 9.8 Long Blades
 + Level 2.1 Throwing
 + Level 7.1 Armour
 + Level 6.4 Dodging
 + Level 2.6 Stealth
 + Level 2.3 Shields
 * Level 7.3 Invocations
 + Level 1.1 Evocations


You had 10 spell levels left.
You didn't know any spells.
Your spell library contained the following spells:

 Spells                   Type           Power      Damage    Failure   Level
 Gell's Gravitas          Tloc           0%         N/A       98%         3
 Teleport Other           Tloc           0%         N/A       98%         3
 Volatile Blastmotes      Fire/Tloc      0%         2d10      98%         3
 Fulminant Prism          Conj/Hex       0%         3d5       100%        4
 Iskenderun's Mystic Bla  Conj/Tloc      0%         2d3       100%        4
 Lee's Rapid Deconstruct  Erth           0%         3d4*      100%        5
 Dispersal                Tloc           0%         N/A       100%        6


Dungeon Overview and Level Annotations

Branches:
Dungeon (11/15)            Temple (1/1) D:6            Lair (0/5) D:11
  Sewer (visited)
    Orc: D:9-12

Altars:
Ashenzari
Cheibriados
Dithmenos
Fedhas
Gozag
Hepliaklqana
Kikubaaqudgha
Makhleb
Nemelex Xobeh
Okawaru
Qazlal
Ru
Sif Muna
Trog
Uskayaw
Vehumet
Wu Jian
Xom
Yredelemnul

Shops:
D:10 (

Annotations:
D:3 1 runed translucent door, Crazy Yiuf
D:7 1 runed translucent door, riellis1's ghost, novice FoHu


Innate Abilities, Weirdness & Mutations

When hurt, damage is shared between your health and your magic reserves.
You regenerate magic rapidly.
You are completely covered in razor-sharp scales. (AC +3, Slay +3)
A meltable shield of frost defends you. (SH +4)


Message History

The orc hits you but does no damage. The jorogumo casts a spell at you.
The stream of webbing hits you but does no damage.
You are even more entangled.
Your howler monkey barely misses the orc priest.
Your vampire closely misses the orc priest.
Your vampire bites the orc priest.
Your vampire draws strength from the orc priest's injuries!
The web tears apart.
You feel extremely sick.
Your howler monkey hits the orc priest.
The jorogumo hits you but does no damage.
You block the orc's attack. The orc priest closely misses you.
The orc priest hits you but does no damage.
The orc hits you but does no damage.
Your vampire hits the orc priest!
The orc priest dies!
Makhleb accepts your kill.
Your howler monkey closely misses the jorogumo.
The jorogumo hits you.
You feel as though you will be slow longer.
The orc closely misses you. The orc priest barely misses you.
The orc hits you with a +0 dagger.
You slice the jorogumo!!
The jorogumo is almost dead.
You feel very sick.
Your howler monkey closely misses the jorogumo.
The jorogumo hits you.
* * * LOW HITPOINT WARNING * * *
You suddenly lose the ability to move!
The orc hits you but does no damage.
The orc priest hits you but does no damage.
The orc hits you but does no damage.
Your howler monkey hits the jorogumo.
The jorogumo hits you but does no damage.
Your vampire barely misses the jorogumo.
Your vampire misses the jorogumo.
The orc priest hits you but does no damage.
The orc hits you but does no damage. x2
Your howler monkey misses the jorogumo.
The jorogumo stares at you and mumbles some strange words.
The bolt of negative energy hits you!!
You feel drained.
You die...

∙∙∙∙∙∙∙∙∙∙∙∙∙∙∙∙▒
∙∙∙∙∙∙∙∙∙∙∙∙∙>∙∙∙▒
∙∙∙∙∙∙∙∙∙∙∙∙∙∙∙∙∙▒
∙∙∙∙∙∙∙∙∙∙∙∙∙∙∙∙∙▒
∙∙∙∙∙∙∙∙∙∙∙∙∙∙∙∙∙▒
∙∙∙∙(∙∙∙∙∙∙∙∙∙∙∙∙▒
∙∙∙∙∙∙∙∙∙∙∙∙∙∙∙∙∙▒


∙∙∙∙∙∙∙ ∙∙∙∙∙hHoo∙∙∙∙∙∙∙∙▒ ∙∙∙∙∙∙∙ ∙∙∙∙∙∙V6o∙∙∙∙∙∙∙∙▒ ∙∙∙∙∙∙∙ ∙∙∙∙∙∙∙∙∙∙∙∙∙∙∙∙∙▒
∙∙∙∙∙∙∙ ∙∙∙∙∙∞∙∙∙∙∙∙∙∙∙∙∙▒ ∙∙∙∙∙∙∙ ∙∙∙∙∙∙∙∙∙∙∙∙∙∙∙∙∙▒ ∙∙∙∙∙∙∙ ∙∙∙∙∙∙∙∙∙∙∙∙∙∙∙∙∙▒
∙∙∙∙∙∙∙ ∙∙∙∙∙∙∙∙∙∙∙∙∙∙∙∙∙▒ ∙∙∙∙∙∙∙ ∙∙∙∙∙∙∙∙∙∙∙∙∙∙∙∙∙▒ ∙∙∙∙∙∙∙ ∙∙∙∙∙∙∙∙∙∙∙∙∙∙∙∙∙▒
▒▒▒▒▒▒▒ ▒▒▒▒▒▒▒▒∙▒ You could see a jorogumo (ally target), an orc priest, 2
orcs, a friendly vampire (summoned) and a friendly howler monkey (summoned).

Vanquished Creatures
  A two-headed ogre (D:11)
  A cyclops (D:11)
  An ugly thing (D:11)
  An unseen horror (D:11)
  A rime drake (D:11)
  A troll (D:9)
  A hornet (D:8)
  Grinder (Sewer)
  A snapping turtle (D:11)
  A vampire (D:11)
  3 wraiths
  2 shadows (D:9)
  A basilisk (D:11)
  A wyvern (D:8)
  2 steam dragons
  2 orc warriors
  A water moccasin (D:7)
  6 sky beasts
  2 ice beasts
  2 black bears
  2 ogres
  3 centaurs
  2 phantoms
  3 kobold brigands
  A bullfrog (D:9)
  2 scorpions
  A wight (Sewer)
  8 killer bees (D:9)
  5 howler monkeys
  5 hounds
  3 jellies
  A gnoll bouda (D:6)
  3 orc priests
  2 iguanas
  3 orc wizards
  Terence (D:3)
  Robin (D:4)
  4 adders
  8 gnolls
  4 river rats (D:6)
  7 shadow imps
  A white imp (D:8)
  2 ufetubi (Sewer)
  An adder zombie (Sewer)
  4 worms
  A dart slug (D:2)
  27 orcs
  7 ball pythons
  3 bats
  A bat zombie (Sewer)
  8 endoplasms
  6 giant cockroaches
  10 goblins
  10 hobgoblins
  2 jackals (D:4)
  3 quokkas
  4 frilled lizards
  A giant cockroach zombie (Sewer)
  22 kobolds
  2 kobold zombies (Sewer)
  3 rats
219 creatures vanquished.

Vanquished Creatures (collateral kills)
  A two-headed ogre (D:9)
  A killer bee (D:9)
  An orc priest (D:11)
3 creatures vanquished.

Grand Total: 222 creatures vanquished

Notes
Turn   | Place    | Note
-------+----------+-------------------------------------------
     0 | D:1      | Zeor the Demonspawn Gladiator began the quest for the Orb.
     0 | D:1      | Reached XP level 1. HP: 16/16 MP: 1/1
   239 | D:1      | Gained mutation: You regenerate magic rapidly. [demonic
                  | ancestry]
   239 | D:1      | Reached XP level 2. HP: 20/22 MP: 2/2
   340 | D:1      | Found a faded altar of an unknown god.
   546 | D:1      | Reached skill level 3 in Long Blades
  1045 | D:2      | Reached XP level 3. HP: 27/27 MP: 3/3
  1951 | D:3      | Noticed Terence
  1961 | D:3      | Killed Terence
  1962 | D:3      | Reached XP level 4. HP: 19/34 MP: 4/4
  1981 | D:3      | Identified the +0 scale mail of Lilacs {+Inv Slay+3}
  2352 | D:3      | Found a runed translucent door.
  2353 | D:3      | Noticed Crazy Yiuf
  2496 | D:4      | Reached skill level 1 in Armour
  2559 | D:4      | Noticed an ogre
  2665 | D:4      | Gained mutation: When hurt, damage is shared between your
                  | health and your magic reserves. [demonic ancestry]
  2665 | D:4      | Reached XP level 5. HP: 19/39 MP: 5/5
  2696 | D:4      | Killed an ogre
  2697 | D:4      | Reached skill level 4 in Long Blades
  2697 | D:4      | Reached skill level 1 in Stealth
  2878 | D:4      | Gained mutation: You are partially covered in razor-sharp
                  | scales. (AC +1, Slay +1) [demonic ancestry]
  2878 | D:4      | Reached XP level 6. HP: 42/46 MP: 6/6
  3296 | D:4      | Noticed Robin
  3320 | D:4      | Killed Robin
  3379 | D:4      | Gained mutation: You are mostly covered in razor-sharp
                  | scales. (AC +2, Slay +2) [demonic ancestry]
  3379 | D:4      | Reached XP level 7. HP: 48/52 MP: 7/7
  3553 | D:5      | Entered Level 5 of the Dungeon
  3558 | D:5      | Reached skill level 5 in Long Blades
  4251 | D:6      | Reached skill level 5 in Dodging
  4266 | D:6      | Reached skill level 6 in Long Blades
  4266 | D:6      | Reached XP level 8. HP: 37/59 MP: 8/8
  4393 | D:6      | Found a glowing drain.
  4418 | Sewer    | Entered a sewer
  4621 | Sewer    | Found an ancient bone altar of Kikubaaqudgha.
  4783 | Sewer    | Noticed Grinder
  4790 | Sewer    | Paralysed by Grinder for 3 turns
  4807 | Sewer    | Paralysed by Grinder for 4 turns
  4819 | Sewer    | Paralysed by Grinder for 2 turns
  4826 | Sewer    | Killed Grinder
  4827 | Sewer    | Reached skill level 7 in Long Blades
  5056 | D:6      | Found a staircase to the Ecumenical Temple.
  5612 | Temple   | Entered the Ecumenical Temple
  5843 | Temple   | Became a worshipper of Makhleb the Destroyer
  5911 | D:7      | Gained mutation: A meltable shield of frost defends you.
                  | (SH +4) [demonic ancestry]
  5911 | D:7      | Reached XP level 9. HP: 66/66 MP: 9/9
  5951 | D:7      | Reached skill level 1 in Invocations
  6088 | D:7      | Found a radiant altar of Vehumet.
  6089 | D:7      | Found an ornate altar of the Wu Jian Council.
  6089 | D:7      | Found an iron altar of Okawaru.
  6090 | D:7      | Found a shadowy altar of Dithmenos.
  6178 | D:7      | Found a sacrificial altar of Ru.
  6199 | D:7      | Reached skill level 5 in Armour
  6253 | D:7      | Reached skill level 5 in Fighting
  6372 | D:7      | Found a runed translucent door.
  6373 | D:7      | Noticed riellis1's ghost (novice FoHu)
  6957 | D:8      | Reached skill level 8 in Long Blades
  7212 | D:8      | Paralysed by a hornet for 3 turns
  7217 | D:8      | Reached skill level 1 in Shields
  7479 | D:9      | Found a basalt altar of Yredelemnul.
  7489 | D:9      | Found a broken altar of Ashenzari.
  7524 | D:9      | Noticed a troll
  7536 | D:9      | Killed a troll
  7537 | D:9      | Reached XP level 10. HP: 75/75 MP: 13/13
  7539 | D:9      | Noticed a two-headed ogre
  7593 | D:9      | Reached * piety under Makhleb
  7597 | D:9      | Reached skill level 5 in Invocations
  7754 | D:9      | Found a hazy altar of Hepliaklqana.
  7960 | D:9      | Killed a two-headed ogre
  7961 | D:9      | Reached skill level 9 in Long Blades
  8411 | D:10     | Entered Level 10 of the Dungeon
  8528 | D:10     | Found a blossoming altar of Fedhas.
  8663 | D:10     | Found Hefuru's Antique Weapon Shop.
  8803 | D:10     | Bought a glowing falchion for 168 gold pieces
  9167 | D:11     | Noticed a purple ugly thing
  9186 | D:11     | Killed a purple ugly thing
  9465 | D:11     | Noticed a boulder beetle
  9473 | D:11     | a boulder beetle changed into a snapping turtle
  9583 | D:11     | Found a staircase to the Lair.
  9647 | D:11     | Noticed a cyclops
  9658 | D:11     | Killed a cyclops
  9790 | D:11     | Noticed a two-headed ogre
  9812 | D:11     | Gained mutation: You are completely covered in razor-sharp
                  | scales. (AC +3, Slay +3) [demonic ancestry]
  9812 | D:11     | Reached XP level 11. HP: 55/82 MP: 16/16
  9814 | D:11     | Killed a two-headed ogre
  9815 | D:11     | Reached skill level 1 in Evocations
  9981 | D:11     | Noticed a boulder beetle
  9985 | D:11     | a boulder beetle changed into a jorogumo
  9985 | D:11     | Noticed a jorogumo
  9997 | D:11     | Paralysed by a jorogumo for 1 turns
  9997 | D:11     | Killed from afar by a jorogumo

Illustrated notes

Levels and vault maps discovered:
D:1:      dpeg_arrival_round_c, layout_loops_ring,
          chequers_ecumenical_altar_island, serial_bayou_pond_a
D:2:      layout_basic
D:3:      layout_basic, uniq_crazy_yiuf_cottage, uniq_terence
D:4:      layout_cave_pools, uniq_robin
D:5:      layout_gridville, chequers_serial_rivers_small_a,
          kennysheep_windowed_goal
D:6:      layout_loops_ring, temple_fountains, lightli_sewer_entry_pipes
D:7:      layout_basic, chequers_temple_overflow_statue_of_worship,
          mainiacjoe_overflow_boulevard, gammafunk_ghost_grave,
          eino_small_chamber_without_monster
D:8:      layout_basic, dk_rats_in_the_wall
D:9:      hellmonk_crumbling_castle, layout_loops_ring,
          mainiacjoe_overflow_brackets, mainiacjoe_overflow_big_doors
D:10:     layout_small_grid, kennysheep_mini, serial_shops, shop
D:11:     kennysheep_blocky_room, layout_long_grid, lair_entry_dummy
Temple:   nicolae_temple_figure_eight

Skill      XL: |  1  2  3  4  5  6  7  8  9 10 11 |
---------------+----------------------------------+-----
Dodging        | 3 4 5 6 |  6.4
Long Blades    | 3 4 6 7 8 9 |  9.8
Armour         | 1 2 3 4 5 7 |  7.1
Stealth        | 1 2 |  2.6
Fighting       | 3 4 5 6 |  6.4
Invocations    | 4 7 |  7.3
Throwing       | 2 |  2.1
Shields        | 1 2 |  2.3
Evocations     | 1 |  1.1

Action                     |  1- 3 |  4- 6 |  7- 9 | 10-12 || total
---------------------------+-------+-------+-------+-------++-------
  Melee: Long sword        |    87 |   118 |   339 |   124 ||   668
         Punch             |       |     3 |     6 |     4 ||    13
  Throw: Throwing net      |       |     2 |     4 |       ||     6
         Dart              |       |     1 |     2 |     2 ||     5
         Javelin           |       |       |       |     1 ||     1
  Evoke: Wand              |       |       |     1 |    12 ||    13
    Use: Scroll            |     6 |     1 |    13 |     8 ||    28
         Potion            |     1 |     5 |       |     4 ||    10
   Stab: Sleeping          |     1 |       |       |       ||     1
         Held in net/web   |       |     1 |       |       ||     1
         Paralysed         |       |       |     1 |       ||     1
 Armour: Leather armour    |    18 |     1 |       |       ||    19
         Scale mail        |       |    61 |   167 |   113 ||   341
         Skin              |       |    23 |       |       ||    23
  Dodge: Dodged            |    47 |    79 |   188 |   145 ||   459
  Block: Other             |       |       |    20 |    51 ||    71
